 Dungeon Crawl Stone Soup version 0.31-a0-108-gdf935468f2 (webtiles) character file.

Game seed: 3710249093829574739

17611 holysushi the Spry (level 12, -21/78 HPs)
             Began as a Djinni Necromancer on May 28, 2023.
             Was an Initiate of Gozag.
             Killed from afar by a bog body (40 damage)
             ... with a bolt of cold
             ... on level 2 of the Lair of Beasts.
             The game lasted 00:22:08 (11792 turns).

holysushi the Spry (Djinni Necromancer)            Turns: 11792, Time: 00:22:09

Health: -21/78     AC:  8    Str:  7    XL:     12   Next: 84%
Gold:   511        EV: 27    Int: 17    God:    Gozag SH:  0 Dex: 22

rFire   + . .        d - staff of conjuration
rCold   x . .        (no shield)
rNeg    . . .        L - +2 leather armour {Will+}
rPois   ∞            R - +1 helmet {SInv}
rElec   .            s - +0 cloak
rCorr   .            (no gloves)
SInv    +            (boots unavailable)
Will    ++...        f - amulet of Ihuentui {Acrobat +Inv rPois rF- Dex+3}
Stlth   +++          n - +5 ring of evasion
HPRegen 0.33/turn    B - ring of the Mage {Wiz Archmagi}
MPRegen 0.00/turn

%: acrobat, wizardry (x1), archmagi, infuse magic (-22 HP)
@: about to teleport, gold aura, flying
A: sickness immunity, fire resistance 2, cold vulnerability 1, float, innate
caster, HP casting, extra vitality 1
a: Renounce Religion, Evoke Invisibility, Potion Petition, Call Merchant, Bribe
Branch


You were on level 2 of the Lair of Beasts.
You worshipped Gozag.
Gozag was pleased with you.
You visited 3 branches of the dungeon, and saw 13 of its levels.

You collected 1923 gold pieces.
You spent 396 gold pieces at shops.
You paid 1016 gold pieces to Gozag.

Inventory:

Hand Weapons
 m - a +2 dagger of pain
 r - a +0 rapier
 K - a +3 rapier of electrocution
 N - the +8 flail of Linearity {drain, rElec rPois rC+ Dex-5}
   (You found it on level 8 of the Dungeon)

   Dex:       It affects your dexterity (-5).
   rC:        It protects you from cold.
   rElec:     It insulates you from electricity.
   rPois:     It protects you from poison.
Missiles
 v - 3 throwing nets
Armour
 s - a +0 cloak (worn)
 L - a +2 leather armour of willpower (worn)
 Q - a +1 hat of willpower
 R - a +1 helmet of see invisible (worn)
Magical Staves
 d - a staff of conjuration (weapon)
 C - a staff of earth
Jewellery
 f - the amulet of Ihuentui (around neck) {Acrobat +Inv rPois rF- Dex+3}
   (You acquired it on level 7 of the Dungeon)

   [amulet of the acrobat]

   It increases your evasion while moving and waiting.
   Dex:       It affects your dexterity (+3).
   rF:        It makes you vulnerable to fire.
   rPois:     It protects you from poison.
   +Inv:      It lets you turn invisible.
 n - a +5 ring of evasion (left hand)
 p - a ring of willpower
 B - the ring of the Mage (right hand) {Wiz Archmagi}
   (You took it off a gnoll on level 5 of the Dungeon)

   [ring of wizardry]

   It improves your spell success rate.
   Archmagi:  It increases the power of your magical spells.
 J - a ring of positive energy
Wands
 h - a wand of paralysis (12)
 t - a wand of flame (39)
 E - a wand of light (9)
 I - a wand of roots (11)
 O - a wand of digging (4)
Scrolls
 c - 6 scrolls of teleportation
 g - 2 scrolls of poison
 i - 3 scrolls of magic mapping
 l - 2 scrolls of silence
 u - 2 scrolls of amnesia {unknown}
 w - a scroll of fear {unknown}
 y - a scroll of torment {unknown}
 A - 2 scrolls of brand weapon {unknown}
 D - 7 scrolls of identify {unknown}
 F - a scroll of fog {unknown}
 G - 3 scrolls of blinking {unknown}
Potions
 a - 2 potions of haste {unknown}
 b - 5 potions of curing
 e - a potion of enlightenment {unknown}
 j - 3 potions of heal wounds
 k - 2 potions of mutation {unknown}
 o - 3 potions of attraction {unknown}
 q - a potion of ambrosia {unknown}
 x - 3 potions of lignification {unknown}
 z - 2 potions of berserk rage {unknown}
 H - a potion of cancellation {unknown}
 M - a potion of degeneration {unknown}
 P - a potion of might {unknown}


   Skills:
 - Level 4.0 Fighting
 + Level 15.0 Dodging
 - Level 3.1 Stealth
 + Level 10.8 Spellcasting
 + Level 10.8 Conjurations
 + Level 10.8 Hexes
 + Level 10.8 Summonings
 + Level 10.8 Necromancy
 + Level 10.8 Translocations
 + Level 10.8 Transmutations
 + Level 10.8 Fire Magic
 + Level 10.8 Ice Magic
 + Level 10.8 Air Magic
 + Level 10.8 Earth Magic
 + Level 10.8 Poison Magic
 - Level 3.0 Evocations


You knew the following spells:

 Your Spells              Type           Power      Damage    Failure   Level
a - Shock                 Conj/Air       100%       1d9       1%          1
b - Searing Ray           Conj           100%       2d8       1%          2
c - Vampiric Draining     Necr           62%        2d10      1%          3
d - Animate Dead          Necr           62%        N/A       1%          4
e - Agony                 Necr           62%        N/A       1%          5
f - Necrotise             Necr           100%       1d9       1%          1
g - Summon Guardian Gole  Hex/Summ       62%        N/A       1%          3
h - Volatile Blastmotes   Fire/Tloc      100%       2d18      1%          3
i - Anguish               Hex/Necr       31%        N/A       1%          4
Your spell library was empty.

Dungeon Overview and Level Annotations

Branches:
Dungeon (11/15) Zot: 26188  Temple (1/1) D:5 Zot: 5964    Lair (2/5) D:10 Zot: 9825
  Swamp: Lair:2-3    Shoals: Lair:2-3     Snake: Lair:2-3    Spider: Lair:2-3
    Orc: D:9-12

Altars:
Ashenzari
Cheibriados
Dithmenos
Elyvilon
Fedhas
Gozag
Hepliaklqana
Makhleb
Nemelex Xobeh
Qazlal
Ru
Trog
Uskayaw
Wu Jian
Yredelemnul
Zin
The Shining One

Shops:
D:4 [   D:10 [

Annotations:
D:2 1 runed translucent door, Crazy Yiuf
Temple 2 transporters
Lair:2 3 runed translucent doors, Cattocvo's ghost, journeyman VSWr


Innate Abilities, Weirdness & Mutations

You are immune to sickness and miasma.
You are immune to poison.
Your flesh is very heat resistant. (rF++)
You are vulnerable to cold. (rC-)
You float through the air rather than walking.
You learn spells naturally, not from books.
Your magical power is your life essence.
You have superior vitality. (+4 MHP)


Message History

You feel a surge of power!
A cloud of volatile blastmotes flares up around you!
The bog body gestures at you while chanting.
The bolt of cold hits you!!!
You feel a terrible chill!
Ouch! That really hurt!
* * * LOW HITPOINT WARNING * * *
Okay, then.
Okay, then.
Okay, then.
You feel much better.
Casting: Volatile Blastmotes (safe; 1% risk of failure)
Confirm with . or Enter, or press ? or * to list all spells.
Aiming: Vampiric Draining (safe; 1% risk of failure)
Press: ? - help, Shift-Dir - straight line, f - you
Okay, then.
Casting: Vampiric Draining (safe; 1% risk of failure)
Confirm with . or Enter, or press ? or * to list all spells.
Aiming: Searing Ray (safe; 1% risk of failure)
Press: ? - help, Shift-Dir - straight line, f - bog body
Aim: a bog body (85% to hit)
Okay, then.
As you read the scroll of teleportation, it crumbles to dust.
You feel strangely unstable. The bog body misses you.
Okay, then.
Aiming: Fastroot
Press: ? - help, Shift-Dir - straight line The roots erupt in riotous growth!
Roots grab the bog body.
The grasping roots constrict the bog body.
The bog body gestures at you while chanting.
The bolt of cold hits you!!!
You feel a terrible chill!
Ouch! That really hurt!
* * * LOW HITPOINT WARNING * * *
You feel much better.
The grasping roots constrict the bog body!
The bog body points at you and mumbles some strange words.
The bolt of cold hits you!!!
You feel a terrible chill!
Ouch! That really hurt!
You die...
Your body crumbles into a pile of gold.

....#P....# ##.#.##........##.##.
..........# #....##....###.##.#..
..........# #....# #..<.P.....##.
.....P....###....# #...........#.
.....#....##...#####..........P#.
..........#..##.# #.$..#.#######.
.....#....P.#######.$$..###.#.#..
##.##♣...........................
#♣.. ♣♣♣♣♣♣♣....@n...............
♣♣♣♣♣♣♣§$..............
~~≈≈~≈♣♣♣$.............
......nw.⌠.............
...♣.....⌠.....####.##.
♣≈~≈~♣♣♣.......##.###. ♣♣♣♣♣
..P.........#.. #............#.
###............


You could see a bog body (rooted).

Vanquished Creatures
  Gastronok (D:8)
  Erica (D:8)
  A catoblepas (Lair:1)
  A centaur warrior (D:10)
  Nergalle (Lair:2)
  Pikel (D:8)
  Maurice (D:8)
  A torpor snail (Lair:2)
  A rime drake (D:10)
  7 cane toads
  2 komodo dragons
  2 trolls
  A polar bear (Lair:2)
  Eustachio (D:6)
  27 yaks
  2 wyverns (D:8)
  2 steam dragons
  8 vampire mosquitoes (D:10)
  2 swamp worms (Lair:2)
  Duvessa (D:6)
  4 water moccasins
  2 orc warriors
  2 sky beasts
  A black bear (D:8)
  3 ice beasts
  6 wolves
  3 centaurs
  4 lemures (D:8)
  3 phantoms
  A kobold brigand (D:7)
  4 bullfrogs
  Blork the orc (D:6)
  A scorpion (D:4)
  4 wights (D:6)
  Dowan (D:6)
  A howler monkey (D:6)
  5 electric eels (D:8)
  A jelly (D:4)
  5 orc priests
  4 hounds
  A sleepcap (D:7)
  4 orc wizards
  An iguana (D:7)
  7 hell rats (Lair:2)
  8 gnolls
  10 adders
  A shadow imp (D:3)
  2 white imps
  2 worms
  5 dart slugs
  21 orcs
  5 endoplasms
  5 giant cockroaches
  4 goblins
  10 hobgoblins
  2 jackals (D:4)
  15 kobolds
  5 quokkas
  5 ball pythons
  6 bats
  3 rats
242 creatures vanquished.

Vanquished Creatures (collateral kills)
  A giant cockroach (D:1)
1 creature vanquished.

Vanquished Creatures (others)
  A kobold brigand (D:10)
  2 kobolds (D:10)
3 creatures vanquished.

Grand Total: 246 creatures vanquished

Notes
Turn   | Place    | Note
-------+----------+-------------------------------------------
     0 | D:1      | holysushi the Djinni Necromancer began the quest for the
                  | Orb.
     0 | D:1      | holysushi set off with the following spells memorised:
                  | Necrotise, Vampiric Draining, Animate Dead, Agony.
     0 | D:1      | Reached XP level 1. HP: 15/15 MP: 0/0
    58 | D:1      | Reached XP level 2. HP: 20/21 MP: 0/0
   448 | D:1      | Reached XP level 3. HP: 20/25 MP: 0/0
   448 | D:1      | Learned a level 1 spell: Shock
  1001 | D:2      | Reached skill level 3 in Dodging
  1013 | D:2      | Reached XP level 4. HP: 31/31 MP: 0/0
  1250 | D:2      | Found a runed translucent door.
  1251 | D:2      | Noticed Crazy Yiuf
  2136 | D:3      | Reached XP level 5. HP: 30/35 MP: 0/0
  2136 | D:3      | Learned a level 2 spell: Searing Ray
  2188 | D:3      | Found a faded altar of an unknown god.
  2682 | D:4      | Reached skill level 4 in Dodging
  2826 | D:4      | Reached XP level 6. HP: 36/40 MP: 0/0
  2931 | D:4      | Found Dabri's Antique Armour Shop.
  3058 | D:4      | Reached skill level 5 in Dodging
  3301 | D:4      | Reached XP level 7. HP: 24/45 MP: 0/0
  3301 | D:4      | Learned a level 3 spell: Summon Guardian Golem
  3484 | D:5      | Entered Level 5 of the Dungeon
  4050 | D:5      | Found a staircase to the Ecumenical Temple.
  4148 | D:5      | Reached skill level 6 in Dodging
  4148 | D:5      | Reached skill level 5 in Spellcasting
  4148 | D:5      | Reached skill level 5 in Conjurations
  4148 | D:5      | Reached skill level 5 in Hexes
  4148 | D:5      | Reached skill level 5 in Summonings
  4148 | D:5      | Reached skill level 5 in Necromancy
  4148 | D:5      | Reached skill level 5 in Translocations
  4148 | D:5      | Reached skill level 5 in Transmutations
  4148 | D:5      | Reached skill level 5 in Fire Magic
  4148 | D:5      | Reached skill level 5 in Ice Magic
  4148 | D:5      | Reached skill level 5 in Air Magic
  4148 | D:5      | Reached skill level 5 in Earth Magic
  4148 | D:5      | Reached skill level 5 in Poison Magic
  4367 | Temple   | Entered the Ecumenical Temple
  4367 | Temple   | Found a transporter.
  4367 | Temple   | Found a transporter.
  4369 | Temple   | Found a transporter.
  4369 | Temple   | Found a transporter.
  4388 | Temple   | Became a worshipper of Gozag Ym Sagoz the Greedy
  4465 | D:5      | Reached XP level 8. HP: 48/50 MP: 0/0
  4872 | D:6      | Reached skill level 7 in Dodging
  5125 | D:6      | Noticed Eustachio
  5153 | D:6      | Noticed Duvessa
  5180 | D:6      | Noticed Dowan
  5183 | D:6      | Killed Duvessa
  5189 | D:6      | Killed Dowan
  5195 | D:6      | Reached skill level 8 in Dodging
  5195 | D:6      | Reached XP level 9. HP: 30/55 MP: 0/0
  5195 | D:6      | Learned a level 3 spell: Volatile Blastmotes
  5770 | D:6      | Reached skill level 9 in Dodging
  5996 | D:6      | Noticed Blork the orc
  6002 | D:6      | Killed Blork the orc
  6061 | D:6      | Killed Eustachio
  6803 | D:8      | Noticed a troll
  6810 | D:8      | Killed a troll
  6821 | D:8      | Reached skill level 10 in Dodging
  6821 | D:8      | Reached XP level 10. HP: 59/60 MP: 0/0
  6851 | D:8      | Noticed Pikel
  7108 | D:8      | Noticed Erica
  7295 | D:8      | Killed Erica
  7296 | D:8      | Reached skill level 11 in Dodging
  7362 | D:8      | Identified the +8 flail of Linearity {drain, rElec rPois
                  | rC+ Dex-5}
  7385 | D:8      | Noticed Gastronok
  7600 | D:7      | Identified a scroll of acquirement
  7600 | D:7      | Acquired the amulet of Ihuentui {Acrobat +Inv rPois rF-
                  | Dex+3}
  8101 | D:8      | Killed Pikel
  8113 | D:8      | Found a burning altar of Makhleb.
  8113 | D:8      | Found a snail-covered altar of Cheibriados.
  8177 | D:8      | Noticed Maurice
  8189 | D:8      | Killed Maurice
  8393 | D:8      | Killed Gastronok
  8394 | D:8      | Reached skill level 12 in Dodging
  8394 | D:8      | Reached XP level 11. HP: 55/65 MP: 0/0
  8394 | D:8      | Learned a level 4 spell: Anguish
  8816 | D:8      | You are sucked into a shaft and drop 3 floors!
  8822 | D:10     | Entered Level 10 of the Dungeon
  9337 | D:10     | Found a staircase to the Lair.
  9343 | D:10     | Noticed a centaur warrior
  9353 | D:10     | Killed a centaur warrior
  9354 | D:10     | Reached skill level 13 in Dodging
  9491 | D:10     | Bought a glowing helmet for 180 gold pieces
  9505 | Lair:1   | Entered Level 1 of the Lair of Beasts
 10173 | Lair:1   | Reached skill level 10 in Spellcasting
 10173 | Lair:1   | Reached skill level 10 in Conjurations
 10173 | Lair:1   | Reached skill level 10 in Hexes
 10173 | Lair:1   | Reached skill level 10 in Summonings
 10173 | Lair:1   | Reached skill level 10 in Necromancy
 10173 | Lair:1   | Reached skill level 10 in Translocations
 10173 | Lair:1   | Reached skill level 10 in Transmutations
 10173 | Lair:1   | Reached skill level 10 in Fire Magic
 10173 | Lair:1   | Reached skill level 10 in Ice Magic
 10173 | Lair:1   | Reached skill level 10 in Air Magic
 10173 | Lair:1   | Reached skill level 10 in Earth Magic
 10173 | Lair:1   | Reached skill level 10 in Poison Magic
 10173 | Lair:1   | Reached XP level 12. HP: 68/71 MP: 0/0
 10177 | Lair:1   | Reached skill level 1 in Fighting
 10344 | Lair:1   | Reached skill level 14 in Dodging
 10758 | Lair:2   | Noticed a catoblepas
 10777 | Lair:1   | Killed a catoblepas
 11073 | D:10     | Bought a faintly glowing ring mail for 216 gold pieces
 11073 | D:10     | Identified the +3 ring mail "Emnuul" {Str-5 Int+3 Dex+3}
                  | (You bought it in a shop on level 10 of the Dungeon)
 11475 | Lair:2   | Noticed Nergalle
 11486 | Lair:2   | Killed Nergalle
 11657 | Lair:2   | Found a runed translucent gate.
 11657 | Lair:2   | Found a runed translucent gate.
 11657 | Lair:2   | Found a runed translucent gate.
 11658 | Lair:2   | Noticed a ten-headed hydra
 11658 | Lair:2   | Noticed a 13-headed hydra
 11659 | Lair:2   | Noticed Cattocvo's ghost (journeyman VSWr)
 11762 | Lair:2   | Reached skill level 15 in Dodging
 11791 | Lair:2   | HP: 1/78 [bog body/bolt of cold (49)]
 11792 | Lair:2   | Killed from afar by a bog body

Illustrated notes

Levels and vault maps discovered:
D:1:      minmay_arrival_wavy_path, layout_loops_ring
D:2:      layout_basic, nicolae_concentric_dashed_squares_mild,
          kennysheep_generic_room_8, uniq_crazy_yiuf_cottage
D:3:      layout_basic, hellmonk_ecumenical_altar_crossroads,
          minmay_misc_feat_tower
D:4:      nicolae_BIG_FREAKIN_CUBE, layout_gridville, serial_shops, shop
D:5:      layout_basic, minmay_temple_entry_wispy
D:6:      layout_gridville, uniq_eustachio, uniq_blork_the_orc, uniq_duvessa
D:7:      layout_basic
D:8:      layout_layer_cave, gammafunk_temple_overflow_wave, serial_bayou,
          serial_bayou_pond_a, serial_bayou_lagoon_b, serial_bayou_crossing,
          serial_bayou_pond_e, uniq_erica, uniq_gastronok, uniq_pikel,
          uniq_maurice
D:10:     layout_roguey, marbit_many_paths, hellmonk_lair_entry_icy
D:11:     layout_rooms, kennysheep_orc_monster_closet_entryway, serial_shops,
          shop
Temple:   hellmonk_temple_divided_pantheon
Lair:1:   layout_layer_cave, grunt_megastairs_3
Lair:2:   layout_regular_city, nicolae_swamp_entry_splash_gauntlet,
          gammafunk_ghost_hydra_chop, chequers_serial_rivers_room_a,
          uniq_nergalle

Skill      XL: |  1  2  3  4  5  6  7  8  9 10 11 12 |
---------------+-------------------------------------+-----
Stealth        | 2 3 |  3.1
Dodging        | 3 4 5 6 8 10 12 13 15 | 15.0
Spellcasting   | 4 5 6 7 8 10 | 10.8
Conjurations   | 4 5 6 7 8 10 | 10.8
Hexes          | 4 5 6 7 8 10 | 10.8
Summonings     | 4 5 6 7 8 10 | 10.8
Necromancy     | 4 5 6 7 8 10 | 10.8
Translocations | 4 5 6 7 8 10 | 10.8
Transmutations | 4 5 6 7 8 10 | 10.8
Fire Magic     | 4 5 6 7 8 10 | 10.8
Ice Magic      | 4 5 6 7 8 10 | 10.8
Air Magic      | 4 5 6 7 8 10 | 10.8
Earth Magic    | 4 5 6 7 8 10 | 10.8
Poison Magic   | 4 5 6 7 8 10 | 10.8
Evocations     | 2 3 |  3.0
Fighting       | 4 |  4.0

Action                     |  1- 3 |  4- 6 |  7- 9 | 10-12 || total
---------------------------+-------+-------+-------+-------++-------
  Melee: Unarmed           |     3 |       |       |       ||     3
         Staff             |       |     4 |    17 |    23 ||    44
         Punch             |       |       |       |     1 ||     1
   Cast: Necrotise         |    30 |       |       |       ||    30
         Shock             |    12 |    72 |    48 |    17 ||   149
         Searing Ray       |       |    13 |    31 |    46 ||    90
         Vampiric Draining |       |       |    59 |   259 ||   318
         Volatile Blastmot |       |       |    10 |     4 ||    14
         Anguish           |       |       |       |     1 ||     1
 Invoke: Potion Petition   |       |       |       |     1 ||     1
         Call Merchant     |       |       |       |     1 ||     1
  Evoke: Wand              |       |       |     7 |     1 ||     8
    Use: Scroll            |       |       |       |     8 ||     8
         Potion            |       |       |       |     4 ||     4
   Stab: Paralysed         |       |       |     1 |       ||     1
 Armour: Robe              |     1 |     4 |     2 |       ||     7
         Leather armour    |       |       |     2 |    33 ||    35
  Dodge: Dodged            |    10 |    13 |    89 |   395 ||   507

Table legend: (Time is in decaauts)
 A = Elapsed time spent in this place.
 B = Non-inter-level travel time spent in this place.
 C = Inter-level travel time spent in this place.
 D = Time resting spent in this place.
 E = Time spent auto-exploring this place.
 F = Levels seen in this place.
 G = Mean time per level.
                   A        B        C        D        E       F      G
               +--------+--------+--------+--------+--------+-----+--------+
         Total |  11796 |  11400 |    396 |   2442 |   6221 |  13 |  907.4 |
       Dungeon |   9587 |   9268 |    319 |   2107 |   5001 |  10 |  958.7 |
        Temple |     35 |     35 |      0 |      0 |      6 |   1 |   35.0 |
          Lair |   2173 |   2096 |     77 |    335 |   1214 |   2 | 1086.5 |
               +--------+--------+--------+--------+--------+-----+--------+

Top non-repeatable levels by time:
     D:8: 1890 daAuts
     D:6: 1451 daAuts
  Lair:1: 1299 daAuts
     D:5: 1139 daAuts
     D:3: 971 daAuts
     D:4: 969 daAuts
  Lair:2: 874 daAuts
    D:10: 811 daAuts
     D:7: 806 daAuts
     D:1: 804 daAuts
     D:2: 736 daAuts
  Temple: 35 daAuts
    D:11: 5 daAuts
